Katia, chaotic female human Rogue @ Katia the Pilferer Experience level: 13 Strength: 17 Dexterity: 18 Constitution: 17 Intelligence: 11 Wisdom: 10 Charisma: 12 Health: 0(82) Energy: 46(46) AC: -12 Gold: 0 Moves: 26894 Your Inventory: Amulets m - a [cursed] pyramidal amulet [of strangulation] n - a [cursed] square amulet [of restful sleep] q - an [uncursed] lunate amulet [of reflection] H - an uncursed amulet versus poison (being worn) Weapons a - an uncursed rustproof +1 long sword (weapon in hand) Armor d - a blessed +1 dwarvish mithril-coat of searching (being worn) p - a blessed +1 elven leather helm (being worn) r - an [uncursed +0] Hawaiian shirt v - a blessed very burnt rotted +2 cloak of magic resistance (being worn) w - a cursed -2 helm of opposite alignment x - an uncursed thoroughly rusty thoroughly corroded +0 dwarvish roundshield of clairvoyance (being worn) y - an uncursed thoroughly burnt +0 pair of high boots (being worn) Rings S - an uncursed ring of slow digestion (on left hand) U - an uncursed ring of cold resistance (on right hand) Wands i - an [uncursed] wand of magic missile [0:5] k - an uncursed wand of teleportation (0:2) l - an [uncursed] wand of digging [0:4] D - an uncursed wand of fire (0:0) F - an uncursed wand of locking (0:3) I - an [uncursed] wand of lightning [0:0] J - an [uncursed] wand of speed monster [0:5] N - an [uncursed] wand called invis [of make invisible (0:4)] O - a cursed wand of nothing (0:4) Y - a [cursed] wand of nothing [0:6] Z - an uncursed wand of probing (0:7) Tools b - an uncursed bag of holding c - an uncursed stethoscope j - an [uncursed] tin opener o - an uncursed lock pick B - an uncursed blindfold M - an [uncursed +0] unicorn horn P - an uncursed +0 unicorn horn V - a [cursed] key [skeleton key] Gems T - an uncursed luckstone Contents of the bag of holding: 8111 gold pieces a cursed amulet of life saving an uncursed +0 orcish short sword of reflection a blessed +0 silver saber 2 uncursed C-rations an [uncursed] cram ration a cursed eucalyptus leaf an uncursed food ration 3 cursed food rations 3 uncursed lizard corpses 4 uncursed lumps of royal jelly a cursed sprig of wolfsbane an uncursed tripe ration an [uncursed] scroll labeled EIRIS SAZUN IDISI [of charging] an [uncursed] scroll of confuse monster 2 uncursed scrolls of create monster an uncursed scroll of destroy armor an uncursed scroll of enchant armor 2 uncursed scrolls of enchant weapon a cursed scroll of enchant weapon an uncursed scroll of fire a cursed scroll of flood a blessed scroll of food detection an uncursed scroll of genocide an uncursed scroll of gold detection 2 blessed scrolls of identify 2 uncursed scrolls of light a [blessed] scroll of light an uncursed scroll of magic mapping an [uncursed] scroll of remove curse a cursed scroll of teleportation 4 uncursed unlabeled scrolls [of blank paper] a cursed unlabeled scroll [of blank paper] a cursed -1 ring of adornment an uncursed ring of fire resistance a cursed -1 ring of gain constitution a [blessed +1] ring of gain constitution a blessed +1 ring of gain dexterity an uncursed +1 ring of gain intelligence a cursed -1 ring of gain wisdom an uncursed ring of invisibility an uncursed ring of see invisible an uncursed ring of teleport control an [uncursed] ring of teleport control a [cursed] wand of cold [0:4] an uncursed wand of light (0:14) a [cursed] wand of light [0:11] a [cursed] wand of lightning [0:4] an uncursed wand of secret door detection (0:12) an [uncursed] wand of secret door detection [0:11] an uncursed wand of striking (0:4) an [uncursed] wand of striking [0:0] 7 uncursed [wax] candles an uncursed [oil] lamp an uncursed [oil] lamp an uncursed [+0] unicorn horn an uncursed [+0] unicorn horn an [uncursed +0] unicorn horn 2 uncursed green gems [worthless glass] 2 uncursed violet gems [worthless glass] Spells known in the end: Name Level Category Fail Memory Your skills at the end: Fighting Skills body armor [Basic / Basic] shield [Skilled / Skilled] Weapon Skills dagger [Basic / Expert] short sword [Skilled / Expert] long sword [Skilled / Skilled] Spellcasting Skills Final Attributes: You were piously aligned. Hunger level was 168. Your alignment was 144 / 144. Monster difficulty range was 3 - 17. Level difficulty was 22. You resisted fire. You were immune to cold. You were immune to poison. You were magic-protected. You were telepathic. You had automatic searching. You were clairvoyant. You were stealthy. You were swallowed by an energy vortex (11). You had slower digestion. You were protected. You were fast. You were lucky (3). You had extra luck. Bad luck did not time out for you. Good luck did not time out for you. You are dead. Vanquished creatures: a baby gold dragon a guardian naga a vampire lord a water troll 2 nurses a lurker above 3 Aleaxes an ettin 7 black puddings 7 ghosts a queen bee 4 locusts 4 giant mimics a zruty a fire giant 3 ice trolls an umber hulk 2 large mimics a baby long worm a long worm 5 stalkers an air elemental a fire elemental a water elemental a black naga a xorn a giant zombie 2 sergeants 3 water demons 3 wargs 4 winter wolves 9 small mimics a rodent of unusual size 3 warhorses 5 xans 2 ettin mummies an ogre lord 3 quantum mechanics 4 trolls a wood golem a marilith 2 gelatinous cubes 3 pyrolisks 2 freezing spheres 2 flaming spheres 3 shocking spheres a large cat 4 tigers 4 gargoyles 4 tengu 3 ochre jellies an energy vortex a mountain centaur 2 stone giants 3 elf mummies 2 human mummies 2 pit vipers a python 2 wraiths a carnivorous ape 4 ettin zombies 2 leather golems a Grey-elf 4 soldiers a succubus an incubus 4 chameleons 6 giant beetles 3 quivering blobs 4 cockatrices 18 wolves 7 winter wolf cubs 3 lynxes 3 leprechauns 3 iron piercers 2 mumakil 5 giant spiders 3 scorpions 8 horses 2 ice vortices 5 black lights a vampire bat 6 gnome kings 2 orc mummies a dwarf mummy an ogre 6 brown puddings 2 rust monsters 4 owlbears 2 yetis 4 gold golems 2 werewolves 4 lizards a chickatrice a dog 2 dingos 4 housecats 2 jaguars a dwarf lord a blue jelly 6 white unicorns 2 gray unicorns 7 dust vortices 3 ravens 4 plains centaurs a gnome mummy 7 snakes 7 apes 8 human zombies 2 rope golems 7 soldier ants 8 fire ants 2 snow ants 7 bugbears a quasit a wood nymph a water nymph a mountain nymph 12 Mordor orcs 19 Uruk-hai an orc shaman 2 rock piercers 7 enormous rats 5 rock moles a pony 6 fog clouds 8 yellow lights 20 gnome lords 5 gnomish wizards 3 kobold mummies a red naga hatchling 3 guardian naga hatchlings 6 gray oozes a barrow wight 9 elf zombies a ghoul 2 straw golems a paper golem 4 wax golems a baby crocodile 14 giant ants 3 little dogs 11 floating eyes 2 kittens 23 dwarves 4 kobold lords a kobold shaman 2 hill orcs 7 rothes a rabid rat 2 centipedes 5 giant bats 2 monkeys 5 orc zombies 9 dwarf zombies 3 wererats a werejackal 5 iguanas 42 killer bees an acid blob a gas spore 7 hobbits 8 manes 2 large kobolds 15 hobgoblins 6 giant rats 5 cave spiders 3 yellow molds 2 green molds a red mold 88 gnomes 13 garter snakes 7 gnome zombies 4 geckos 7 jackals 2 foxes 5 kobolds 3 goblins 3 sewer rats 11 grid bugs 5 bats 6 lichens 3 kobold zombies 7 newts 826 creatures vanquished. Voluntary challenges: You used a wielded weapon 2177 times. You read items or engraved 43 times. You put on armor 23 times. You never genocided any monsters. You polymorphed 8 items. You never changed form. You used 1 wish. You did not wish for any artifacts. You wrote Elbereth's name 1 time. You encountered 1 bones level. You used 4 Sokoban shortcuts. Dungeon overview: The Dungeons of Doom: levels 1 to 24 Level 1 a fountain a long staircase Level 2 a scroll shop Level 3 (magical mithril coat) an armor shop, some fountains stairs to The Gnomish Mines Level 6 some fountains Level 8 (LUCK) Level 9 stairs to Sokoban Level 10 (food) a potion shop, a fountain stairs to Town Level 12 a weapon shop, some fountains Level 13 a general store portal to Fort Ludios Level 14 (troll with lightning!) a temple Level 16 some fountains Level 17 a fountain Level 19 a fountain Level 21 (T) a fountain Level 22 an altar to Kos, a fountain, a sink portal to One-eyed Sam's Market Level 24 many trees The Gnomish Mines: levels 4 to 11 Level 4 stairs to The Dungeons of Doom Level 7 (tinning kit) many shops, a temple, a magic chest, some fountains Level 11 a fountain Sokoban: levels 6 to 8 Level 8 a magic chest stairs to The Dungeons of Doom Town: Level 9 stairs to The Dungeons of Doom Fort Ludios: Level 1 portal to The Dungeons of Doom One-eyed Sam's Market: Level 1 <- You were here portal to The Dungeons of Doom History has recorded: On T:1 you entered the Dungeons of Doom to retrieve the Amulet of Yendor! On T:301 you reached level 2 of The Dungeons of Doom. On T:570 you advanced to experience level 2. On T:659 you reached level 3 of The Dungeons of Doom. On T:793 you advanced to experience level 3. On T:894 you reached level 1 of The Gnomish Mines. On T:898 you reached level 2 of The Gnomish Mines. On T:901 you advanced to experience level 4. On T:1013 you advanced to experience level 5. On T:1124 you reached level 3 of The Gnomish Mines. On T:1135 you reached level 4 of The Gnomish Mines. On T:1180 you advanced to experience level 6. On T:1512 you advanced to experience level 7. On T:2491 you advanced to experience level 8. On T:2560 you reached level 4 of The Dungeons of Doom. On T:2708 you reached level 5 of The Dungeons of Doom. On T:2743 you reached level 6 of The Dungeons of Doom. On T:2762 you reached level 7 of The Dungeons of Doom. On T:3072 you reached level 8 of The Dungeons of Doom. On T:3237 you reached level 9 of The Dungeons of Doom. On T:4017 you advanced to experience level 9. On T:4329 you reached level 10 of The Dungeons of Doom. On T:4543 you reached level 3 of Town. On T:5144 you reached level 3 of Sokoban. On T:6123 you advanced to experience level 10. On T:6391 you reached level 2 of Sokoban. On T:6906 you advanced to experience level 11. On T:7449 you reached level 1 of Sokoban. On T:9112 you advanced to experience level 12. On T:9658 you reached level 11 of The Dungeons of Doom. On T:11171 you advanced to experience level 13. On T:11729 you wished for "blessed +2 silver saber". On T:11820 you reached level 5 of The Gnomish Mines. On T:12275 you reached level 6 of The Gnomish Mines. On T:12547 you reached level 7 of The Gnomish Mines. On T:12747 you reached level 8 of The Gnomish Mines. On T:14773 you reached level 12 of The Dungeons of Doom. On T:15270 you reached level 13 of The Dungeons of Doom. On T:15665 you reached level 14 of The Dungeons of Doom. On T:15913 you reached level 15 of The Dungeons of Doom. On T:16371 you reached level 16 of The Dungeons of Doom. On T:16659 you reached level 17 of The Dungeons of Doom. On T:16980 you reached level 18 of The Dungeons of Doom. On T:17325 you reached level 19 of The Dungeons of Doom. On T:17748 you reached level 20 of The Dungeons of Doom. On T:18049 you reached level 21 of The Dungeons of Doom. On T:18413 you reached level 22 of The Dungeons of Doom. On T:19031 you reached Fort Knox. On T:23011 you reached level 23 of The Dungeons of Doom. On T:23080 you reached level 1 of One-eyed Sam's Market. On T:23665 you reached level 24 of The Dungeons of Doom. Latest messages: You see here a bag (12500 zorkmids). [2 turns] The energy vortex engulfs you! You hit the energy vortex. (2x) The air around you crackles with electricity. [HP-2=80] You hit the energy vortex. You are jolted with electricity! [HP-22=58] You hit the energy vortex. The air around you crackles with electricity. [HP-4=54] You hit the energy vortex. You are jolted with electricity! The air around you crackles with electricity. (2x) [HP-26=28] Status of the energy vortex (neutral): Level 9 HP 7(62) AC 2, engulfed you. You hit the energy vortex. You are jolted with electricity! The air around you crackles with electricity. You die... One-eyed Sam comes and takes all your possessions. Final status: Goodbye Katia the Rogue... You died in One-eyed Sam's Market on dungeon level 22 with 59788 points, and 8111 pieces of gold, after 26894 moves. You were level 13 with a maximum of 82 hit points when you died.